 Dungeon Crawl Stone Soup version 0.32-a0-705-g60f233581c (webtiles) character file.

Game seed: 14325693903486029874

137 Chimkentus the Vexing (level 5, 0/25 HPs)
             Began as a Spriggan Enchanter on Mar 14, 2024.
             Killed from afar by a steam dragon (16 damage)
             ... with a ball of steam
             ... on level 3 of the Dungeon.
             The game lasted 00:14:30 (2468 turns).

Chimkentus the Vexing (Spriggan Enchanter)          Turns: 2468, Time: 00:14:31

Health: 0/25       AC:  3    Str:  4    XL:     5   Next: 0%
Magic:  2/10       EV: 17    Int: 19    God:
Gold:   75         SH:  0    Dex: 15    Spells: 3/10 levels left

rFire   . . .        g - +1 dagger (protect)
rCold   . . .        (no shield)
rNeg    . . .        b - +0 robe
rPois   .            (helmet restricted)
rElec   .            d - +0 cloak
rCorr   .            (gloves unavailable)
SInv    +            (boots unavailable)
Will    .....        (no amulet)
Stlth   +++          (no ring)
HPRegen 0.24/turn    (no ring)
MPRegen 0.12/turn

%: no passive effects
@: very quick
A: very small, no large weapons, unfitting armour, see invisible, speed 3
a: no special abilities


You were on level 3 of the Dungeon.
You visited 1 branch of the dungeon, and saw 3 of its levels.

You collected 75 gold pieces.

Inventory:

Hand Weapons
 a - a +1 dagger
 g - a +1 dagger of protection (weapon)
 n - a +0 sling
Missiles
 k - 2 poisoned darts
Armour
 b - a +0 robe (worn)
 d - a +0 cloak (worn)
Wands
 o - a wand of flame (30)
Scrolls
 e - 4 scrolls of identify {unknown}
Potions
 c - 2 potions of invisibility
 f - a potion of attraction {unknown}
 h - a potion of curing {unknown}
 i - a potion of heal wounds {unknown}
 j - a potion of brilliance {unknown}
 l - a potion of degeneration {unknown}
 m - a potion of resistance {unknown}


   Skills:
 + Level 0.3 Fighting
 + Level 3.5 Short Blades
 + Level 3.4 Dodging
 - Level 4.4 Stealth
 + Level 3.1 Spellcasting
 * Level 4.7 Hexes
 * Level 0.1 Summonings
 + Level 0.3 Ice Magic


You had 3 spell levels left.
You knew the following spells:

 Your Spells              Type           Power      Damage    Failure   Level
a - Ensorcelled Hibernat  Hex/Ice        24%        N/A       8%          2
b - Confusing Touch       Hex            21%        N/A       6%          3
c - Call Imp              Summ           6%         N/A       22%         2

Your spell library contained the following spells:

 Spells                   Type           Power      Damage    Failure   Level
 Tukima's Dance           Hex            21%        N/A       6%          3
 Foxfire                  Conj/Fire      8%         2x1d4     16%         1
 Dazzling Flash           Conj/Hex       24%        N/A       17%         3
 Sublimation of Blood     Necr           2%         N/A       22%         2
 Summon Hydra             Summ           1%         N/A       100%        7


Dungeon Overview and Level Annotations

Branches:
Dungeon (3/15)

Altars:


Innate Abilities, Weirdness & Mutations

You are very small and have problems with some larger weapons.
You are too small for most types of armour.
You have supernaturally acute eyesight. (SInv)
You cover ground extremely quickly. (Speed+++)


Message History

The steam dragon is lightly wounded.
Casting: Confusing Touch (quite dangerous; 6% risk of failure)
Confirm with . or Enter, or press ? or * to list all spells.
Aiming: Ensorcelled Hibernation (safe; 8% risk of failure)
Press: ? - help, Shift-Dir - straight line, f/p - steam dragon
Aim: a steam dragon (lightly wounded, confused, chance to affect: 46%)
The steam dragon resists with some effort.
Casting: Ensorcelled Hibernation (safe; 8% risk of failure)
Confirm with . or Enter, or press ? or * to list all spells.
Aiming: Ensorcelled Hibernation (safe; 8% risk of failure)
Press: ? - help, Shift-Dir - straight line, f/p - steam dragon
Aim: a steam dragon (lightly wounded, confused, chance to affect: 46%)
The steam dragon resists with some effort.
The steam dragon closely misses you.
The steam dragon claws you but does no damage.
Casting: Ensorcelled Hibernation (safe; 8% risk of failure)
Confirm with . or Enter, or press ? or * to list all spells.
Aiming: Ensorcelled Hibernation (safe; 8% risk of failure)
Press: ? - help, Shift-Dir - straight line, f/p - steam dragon
Aim: a steam dragon (blue smoke, lightly wounded, confused, chance to affect: 46%)
The steam dragon looks drowsy...
The steam dragon barely misses you. The steam dragon claws you.
You hit the steam dragon but do no damage.
Your weapon exudes an aura of protection.
The steam dragon is lightly wounded.
You hit the steam dragon.
The steam dragon is moderately wounded.
The steam dragon misses you. The steam dragon claws you.
The steam dragon bites itself.
The steam dragon claws itself.
You hit the steam dragon but do no damage.
The steam dragon is heavily wounded.
The steam dragon seems less confused.
You hit the steam dragon.
The steam dragon is heavily wounded.
The steam dragon bites you. The steam dragon closely misses you.
An adder comes into view.
The steam dragon breathes steam at you. The ball of steam hits you!
Ouch! That really hurt!
You die...

####### ####.#...# #.
#.##.#...#
###.###.##.....####### #
.....................#.#
#.........@...........#.
....#.#.##..§§.#......... .
## #.#.##....§##........ #
....##..........§D........
.. #.....................#.
.. ######..................
..
....##..#........##..###. #
........#......... ..S?..?.
...........###............#


There were no monsters in sight!

Vanquished Creatures
  Ijyb (D:3)
  3 gnolls (D:2)
  2 adders (D:2)
  5 dart slugs
  6 bats
  5 endoplasms
  4 goblins
  5 hobgoblins
  8 kobolds
  4 quokkas
  4 ball pythons (D:1)
  3 frilled lizards
  3 rats
53 creatures vanquished.

Notes
Turn   | Place    | Note
-------+----------+-------------------------------------------
     0 | D:1      | Chimkentus the Spriggan Enchanter began the quest for the
                  | Orb.
     0 | D:1      | Reached XP level 1. HP: 9/9 MP: 5/5
   238 | D:1      | Reached XP level 2. HP: 8/13 MP: 6/6
   241 | D:1      | Learned a level 2 spell: Ensorcelled Hibernation
   736 | D:1      | Reached XP level 3. HP: 16/16 MP: 8/8
   740 | D:1      | Learned a level 3 spell: Confusing Touch
  1267 | D:2      | Reached XP level 4. HP: 21/21 MP: 9/9
  1697 | D:2      | Found a faded altar of an unknown god.
  1702 | D:2      | Got Plato's Almanac of Causimancy
  2166 | D:3      | Noticed Ijyb
  2236 | D:3      | Learned a level 2 spell: Call Imp
  2285 | D:3      | Killed Ijyb
  2414 | D:3      | Reached XP level 5. HP: 25/25 MP: 10/10
  2430 | D:3      | Noticed a steam dragon
  2468 | D:3      | Killed from afar by a steam dragon

Illustrated notes

Levels and vault maps discovered:
D:1:      minmay_arrival_nine_rooms, layout_loops_ring, nrook_mini_backslash
D:2:      layout_basic, shapermc_ecumenical_altar_rom_forum,
          kennysheep_generic_room_8
D:3:      layout_basic, serial_shops, nicolae_shop_bloodbath_and_beyond,
          uniq_sigmund, uniq_ijyb, uniq_terence

Skill      XL: |  1  2  3  4 |
---------------+-------------+-----
Hexes          | 4 |  4.7
Short Blades   | 2 3 |  3.5
Dodging        | 3 |  3.4
Spellcasting   | 3 |  3.1
Fighting       | |  0.3
Stealth        | |  4.4
Summonings     | |  0.1
Ice Magic      | |  0.3

Action                     |  1- 3 |  4- 6 || total
---------------------------+-------+-------++-------
  Melee: Dagger            |   117 |    80 ||   197
  Throw: Stone             |     2 |     9 ||    11
   Cast: Ensorcelled Hiber |     7 |     6 ||    13
         Call Imp          |       |     2 ||     2
         Confusing Touch   |       |     2 ||     2
  Evoke: Wand              |       |     1 ||     1
   Stab: Sleeping          |     8 |     7 ||    15
         Distracted        |     2 |       ||     2
         Confused          |       |     1 ||     1
 Armour: Robe              |    36 |    14 ||    50
  Dodge: Dodged            |    66 |    45 ||   111

Table legend: (Time is in decaauts)
 A = Elapsed time spent in this place.
 B = Non-inter-level travel time spent in this place.
 C = Inter-level travel time spent in this place.
 D = Time resting spent in this place.
 E = Time spent auto-exploring this place.
 F = Levels seen in this place.
 G = Mean time per level.
                   A        B        C        D        E       F      G
               +--------+--------+--------+--------+--------+-----+--------+
         Total |   1693 |   1597 |     96 |     32 |   1104 |   3 |  564.3 |
       Dungeon |   1693 |   1597 |     96 |     32 |   1104 |   3 |  564.3 |
               +--------+--------+--------+--------+--------+-----+--------+

Top non-repeatable levels by time:
     D:2: 771 daAuts
     D:1: 717 daAuts
     D:3: 204 daAuts
